 Dungeon Crawl Stone Soup version 0.30-a0-1043-g60ff8d5f49 (webtiles) character file.

Game seed: 10922254821264789206

1549 Iich the Chopper (level 8, -1/65 HPs)
             Began as a Demonspawn Fighter on Apr 10, 2023.
             Succumbed to a hornet's poison
             ... while paralysed by a hornet
             ... on level 6 of the Dungeon.
             The game lasted 00:09:50 (6157 turns).

Iich the Chopper (Demonspawn Fighter)               Turns: 6157, Time: 00:09:51

Health: -1/65      AC: 11    Str: 17    XL:     8   Next: 57%
Magic:  8/8        EV:  2    Int:  9    God:
Gold:   187        SH:  0    Dex: 15    Spells: 7/7 levels left

rFire   . . .      SeeInvis .    a - +0 war axe
rCold   . . .      Faith    .    c - +1 buckler
rNeg    . . .      Spirit   .    s - +0 chain mail
rPois   .          Reflect  .    r - +0 helmet
rElec   .          Rampage  .    (no cloak)
rCorr   .                        (no gloves)
Will    .....                    D - +0 pair of boots Stlth
                                 z - amulet of the acrobat
HPRegen 0.30/turn                (no ring)
MPRegen 0.11/turn                (no ring)

@: paralysed, lethally poisoned (-1 -> -18), slowed
A: claws 1, ignite blood 2, powered by pain 1
a: no special abilities


You were on level 6 of the Dungeon.
You visited 1 branch of the dungeon, and saw 6 of its levels.

You collected 187 gold pieces.

Inventory:

Hand Weapons
 a - a +0 war axe (weapon)
Missiles
 u - a throwing net (quivered)
Armour
 c - a +1 buckler (worn)
 r - a +0 helmet (worn)
 s - a +0 chain mail (worn)
 D - a +0 pair of boots (worn)
Jewellery
 z - an amulet of the acrobat (around neck)
Wands
 i - a wand of flame (16)
 v - a wand of roots (2)
 y - a wand of paralysis (3)
Scrolls
 b - a scroll of magic mapping
 e - a scroll of amnesia {unknown}
 f - 3 scrolls of silence
 g - 2 scrolls of fear
 j - a scroll of noise
 o - a scroll of enchant armour
 p - a scroll of brand weapon {unknown}
 x - a scroll of fog
 A - a scroll of immolation
 B - a scroll of blinking
Potions
 d - 2 potions of might
 h - a potion of flight
 k - a potion of berserk rage
 m - a potion of attraction
 n - a potion of lignification {unknown}
 q - a potion of curing
 t - a potion of invisibility {unknown}
 w - a potion of degeneration {unknown}
 C - a potion of haste {unknown}


   Skills:
 + Level 6.3 Fighting
 * Level 7.5 Axes
 - Level 2.6 Armour
 + Level 3.9 Dodging
 - Level 2.6 Shields


You had 7 spell levels left.
You didn't know any spells.
Your spell library was empty.

Dungeon Overview and Level Annotations

Branches:
Dungeon (6/15)
 Temple: D:4-7

Altars:
Sif Muna

Shops:
D:1 =   D:3 (


Innate Abilities, Weirdness & Mutations

You have sharp fingernails.
Your demonic aura often causes spilled blood to erupt in flames.
You sometimes gain a little power by taking damage.


Message History

You block the hornet's attack.
You take 14 damage, and have 21/64 hp. !!!!--MASSIVE DAMAGE--!!!!
Okay, then.
You feel much better.
You feel sick. The water moccasin bites you. The hornet closely misses you.
The water moccasin bites you but does no damage.
The hornet barely misses you.
You regained 25 hp, and now have 46/64 hp.
You slash the hornet!
The hornet is moderately wounded.
You hit the water moccasin.
You feel yourself speed up.
You feel sick.
You are no longer poisoned.
The water moccasin is engulfed in blazing flames.
The water moccasin bites you but does no damage.
The hornet stings you but does no damage.
The water moccasin is engulfed in blazing flames.
The water moccasin barely misses you. The hornet stings you!
You feel yourself slow down.
The water moccasin is engulfed in blazing flames.
You kill the water moccasin!
The hornet closely misses you.
You take 9 damage, and have 37/65 hp.
You barely miss the hornet.
The hornet is moderately wounded.
You feel yourself speed up. The hornet stings you!
* * * LOW HITPOINT WARNING * * *
You are poisoned.
You suddenly lose the ability to move!
The hornet stings you!
* * * LOW HITPOINT WARNING * * *
You feel yourself slow down.
You feel sick.
The hornet stings you but does no damage.
The hornet stings you!
* * * LOW HITPOINT WARNING * * *
You are more poisoned.
You feel as though you will be slow longer.
You die...

##...## #######.....##
#............## #####
#.###.........# ##...##
#.###.........#
#.....#####..##.........#
#......................##
#.....####.....##.....##
##...## ##.@.####...##
#######.##
#†y#####..########
........#
#................#
........###
##.#############.#
.####.....# #'# #.#
.####.....# ... #.#
.##.......# ..... #.#
..........# ....... #.#
.###......# ......... #.#


You could see a hornet.

Vanquished Creatures
  Edmund (D:4)
  3 water moccasins
  2 sky beasts (D:6)
  An ogre (D:4)
  A centaur (D:4)
  A kobold brigand (D:4)
  A bullfrog (D:5)
  2 scorpions
  2 hounds
  2 jellies
  3 orc priests
  2 iguanas
  An orc wizard (D:6)
  Robin (D:4)
  8 adders
  3 shadow imps
  An ufetubus (D:4)
  4 dart slugs
  10 orcs
  10 endoplasms
  4 giant cockroaches
  8 hobgoblins
  6 jackals
  2 quokkas
  5 ball pythons
  6 bats
  A frilled lizard (D:3)
  14 goblins
  8 kobolds
  6 rats
119 creatures vanquished.

Notes
Turn   | Place    | Note
-------+----------+-------------------------------------------
     0 | D:1      | Iich the Demonspawn Fighter began the quest for the Orb.
     0 | D:1      | Reached XP level 1. HP: 18/18 MP: 1/1
    90 | D:1      | Reached skill level 2 in Axes
   201 | D:1      | Gained mutation: Your demonic aura sometimes causes spilled
                  | blood to erupt in flames. [demonic ancestry]
   201 | D:1      | Reached XP level 2. HP: 20/24 MP: 2/2
   278 | D:1      | Found Umosow's Jewellery Emporium.
   449 | D:1      | You fall into a shaft and drop 1 floor!
   622 | D:1      | Gained mutation: Your demonic aura often causes spilled
                  | blood to erupt in flames. [demonic ancestry]
   622 | D:1      | Reached XP level 3. HP: 25/29 MP: 3/3
  1012 | D:2      | Reached skill level 3 in Axes
  1532 | D:3      | Found Icivves's Weapon Shop.
  1732 | D:3      | Noticed a water moccasin
  1735 | D:3      | Killed a water moccasin
  1736 | D:3      | Reached skill level 4 in Axes
  1736 | D:3      | Reached XP level 4. HP: 15/37 MP: 4/4
  1736 | D:3      | Reached XP level 5. HP: 17/42 MP: 5/5
  2540 | D:3      | Found a shimmering blue altar of Sif Muna.
  2592 | D:4      | Noticed Edmund
  3900 | D:3      | Reached XP level 6. HP: 49/49 MP: 6/6
  4012 | D:4      | Killed Edmund
  4013 | D:4      | Reached skill level 5 in Axes
  4013 | D:4      | Reached skill level 1 in Dodging
  4106 | D:4      | Noticed Robin
  4111 | D:4      | Killed Robin
  4207 | D:4      | Reached skill level 5 in Fighting
  4207 | D:4      | Gained mutation: You have sharp fingernails. [demonic
                  | ancestry]
  4207 | D:4      | Reached XP level 7. HP: 20/56 MP: 7/7
  4497 | D:4      | Reached skill level 6 in Axes
  4708 | D:5      | Entered Level 5 of the Dungeon
  5257 | D:6      | Gained mutation: You sometimes gain a little power by
                  | taking damage. [demonic ancestry]
  5257 | D:6      | Reached XP level 8. HP: 48/64 MP: 8/8
  5484 | D:6      | Reached skill level 7 in Axes
  6145 | D:6      | Noticed a hornet
  6155 | D:6      | Paralysed by a hornet for 3 turns
  6157 | D:6      | Succumbed to a hornet's poison

Illustrated notes

Levels and vault maps discovered:
D:1:      wheals_arrival_shading, layout_basic, serial_shops,
          nicolae_shop_behind_doors
D:2:      layout_basic
D:3:      layout_basic, led_sif_pool, serial_shops, shop,
          grunt_decor_mini_mirrors, hangedman_glass_teeth, minmay_between
D:4:      layout_rooms, grunt_ministairs_8, minmay_misc_feat_chi, uniq_edmund,
          uniq_robin
D:5:      layout_basic
D:6:      layout_loops_corners, gammafunk_temple_overflow_statue, serial_shops,
          shop

Skill      XL: |  1  2  3  4  5  6  7  8 |
---------------+-------------------------+-----
Axes           | 2 4 5 6 7 |  7.5
Fighting       | 4 5 6 |  6.3
Dodging        | 1 3 |  3.9
Armour         | |  2.6
Shields        | |  2.6

Action                     |  1- 3 |  4- 6 |  7- 9 || total
---------------------------+-------+-------+-------++-------
  Melee: War axe           |   105 |   106 |   130 ||   341
  Evoke: Wand              |       |       |     4 ||     4
    Use: Potion            |     3 |     1 |     3 ||     7
         Scroll            |     3 |       |     5 ||     8
   Stab: Paralysed         |       |       |     1 ||     1
 Armour: Scale mail        |    42 |    19 |       ||    61
         Chain mail        |       |    60 |    92 ||   152
  Dodge: Dodged            |    51 |    53 |    52 ||   156
  Block: Buckler           |    25 |    26 |    25 ||    76

Table legend: (Time is in decaauts)
 A = Elapsed time spent in this place.
 B = Non-inter-level travel time spent in this place.
 C = Inter-level travel time spent in this place.
 D = Time resting spent in this place.
 E = Time spent auto-exploring this place.
 F = Levels seen in this place.
 G = Mean time per level.
                   A        B        C        D        E       F      G
               +--------+--------+--------+--------+--------+-----+--------+
         Total |   6302 |   6113 |    189 |   1719 |   3370 |   6 | 1050.3 |
       Dungeon |   6302 |   6113 |    189 |   1719 |   3370 |   6 | 1050.3 |
               +--------+--------+--------+--------+--------+-----+--------+

Top non-repeatable levels by time:
     D:3: 2426 daAuts
     D:6: 996 daAuts
     D:4: 935 daAuts
     D:1: 804 daAuts
     D:2: 658 daAuts
     D:5: 480 daAuts
